 Dungeon Crawl Stone Soup version 0.19-a0-1922-g1e9a4c1 (webtiles) character file.

911627 Kirk the Axe Maniac (level 27, 0/271 HPs)
             Began as a Formicid Fighter on Oct 23, 2016.
             Was the Champion of the Shining One.
             Killed by divine providence
             ... invoked by a daeva
              (12 damage)
             ... on level 21 of a ziggurat on Oct 24, 2016.
             The game lasted 04:46:37 (76033 turns).

Kirk the Axe Maniac (Formicid Fighter)             Turns: 76033, Time: 04:46:38

Health: 0/271      AC: 55    Str: 39    XL:     27
Magic:  40/40      EV: 19    Int: 11    God:    the Shining One [******]
Gold:   4855       SH: 38    Dex: 15    Spells: 0 memorised, 26 levels left

rFire  + + .     SeeInvis +     Y - +9 executioner's axe (holy)
rCold  + . .     Gourm    .     I - +11 gold dragon scales
rNeg   + + +     Faith    .     e - +8 large shield {reflect}
rPois  +         Spirit   .     (helmet unavailable)
rElec  +         Reflect  +     P - +2 cloak "Uthriaso" {rCorr Dex+3}
rCorr  +         Harm     .     T - +0 pair of gloves of the Valley {rF+ Str+3}
MR     +++..                    d - +2 pair of boots {run}
Stlth  ..........               G - amulet of Vitality {Regen+ HP+15}
                                U - +6 ring of protection
                                l - ring of Xom's Condemnation {rElec rPois}

@: mighty, glowing, quick
A: permanent stasis, dig shafts and tunnels, four strong arms, antennae 3,
rugged brown scales 1, clever 1, magic resistance 1
a: Dig, Shaft Self, Divine Shield, Cleansing Flame, Summon Divine Warrior,
Renounce Religion
}: 6/15 runes: serpentine, barnacled, slimy, silver, abyssal, demonic


You were on level 21 of a ziggurat.
You worshipped the Shining One.
The Shining One was exalted by your worship.
You were full.

You visited 11 branches of the dungeon, and saw 53 of its levels.
You visited Pandemonium 1 time, and saw 12 of its levels.
You visited the Abyss 2 times.
You visited 1 ziggurat, and saw 21 of its levels.
You also visited: Labyrinth, Trove, Sewer, Bailey and Ice Cave.

You collected 10126 gold pieces.
You spent 5271 gold pieces at shops.

Inventory:

Hand Weapons
 A - the +4 arbalest of Maagg {freeze, Str+3}
   (Okawaru gifted it to you on level 4 of the Vaults)

   It causes projectiles fired from it to freeze those they strike, causing
   extra injury to most foes and up to half again as much damage against
   particularly susceptible opponents.
   They can also slow down cold-blooded creatures.
   It affects your strength (+3).
 H - the +8 mithril axe "Arga" {speed, MR+}
   (You acquired it on level 15 of the Dungeon)

   Attacks with this weapon are significantly faster.
   It affects your resistance to hostile enchantments.
 Y - a +9 executioner's axe of holy wrath (weapon)
Missiles
 x - 1600 bolts
Armour
 b - the +14 crystal plate armour of Ettewnip {*Contam rC+ Regen+}
   (You found it on level 15 of a ziggurat)

   It protects you from cold.
   It causes magical contamination when unequipped.
   It increases your rate of regeneration.
 d - a +2 pair of boots of running (worn)
 e - a +8 large shield of reflection (worn)
 I - +11 gold dragon scales (worn)
 P - the +2 cloak "Uthriaso" (worn) {rCorr Dex+3}
   (You found it on level 3 of the Elven Halls)

   It affects your dexterity (+3).
   It protects you from acid and corrosion.
 T - the +0 pair of gloves of the Valley (worn) {rF+ Str+3}
   (You acquired it on level 3 of the Abyss)

   It affects your strength (+3).
   It protects you from fire.
Jewellery
 g - the amulet "Yruemu" {Reflect rElec MR++ SH+2}
   (You found it on level 19 of a ziggurat)

   [amulet of reflection]

   It shields you and reflects attacks.
   It insulates you from electricity.
   It affects your resistance to hostile enchantments.
   It affects your SH (+2).
 l - the ring of Xom's Condemnation (left hand) {rElec rPois}
   (You bought it in a shop on level 3 of the Vaults)

   [ring of poison resistance]

   It insulates you from electricity.
   It protects you from poison.
 o - the ring of Jonimp {rCorr rC+}
   (You found it on level 20 of a ziggurat)

   [ring of resist corrosion]

   It protects you from cold.
 E - the ring of the Cockroach {rC+ Slay+5}
   (You took it off a tengu reaver on level 5 of the Vaults)

   [ring of protection from cold]

   It affects your accuracy and damage with ranged weapons and melee attacks
   (+5).
   It protects you from cold.
 G - the amulet of Vitality (around neck) {Regen+ HP+15}
   (You took it off a human on level 14 of the Dungeon)

   [amulet of regeneration]

   It affects your health (+15).
   It increases your rate of regeneration.
 L - the amulet of Notakkil {Faith rElec Dex+5 Stlth+}
   (You acquired it on level 3 of the Crypt)

   [amulet of faith]

   It allows you to gain divine favour quickly.
   It affects your dexterity (+5).
   It insulates you from electricity.
   It makes you more stealthy.
 U - a +6 ring of protection (right hand)
 Z - the ring of Juetocatz {+Blink +Fly rF+ rC+ Int+3}
   (You found it on level 5 of the Pits of Slime)

   [ring of flight]

   It affects your intelligence (+3).
   It protects you from fire.
   It protects you from cold.
   It lets you fly.
   It lets you blink.
Wands
 M - a wand of heal wounds (5/9)
 Q - a wand of digging (13/24)
Scrolls
 h - 14 scrolls of fear
 m - 20 scrolls of identify
 n - 5 scrolls of fog
 r - 6 scrolls of magic mapping
 t - 44 scrolls of remove curse
 u - 13 scrolls of silence
 v - 19 scrolls of recharging
 B - 26 scrolls of enchant weapon
 F - a scroll of amnesia
 S - 4 scrolls of brand weapon
 X - 6 scrolls of holy word
Potions
 c - 5 potions of resistance
 i - 3 potions of agility
 p - 8 potions of flight
 w - 7 potions of magic
 z - 2 potions of ambrosia
 D - 27 potions of curing
 O - 3 potions of cure mutation
 R - 2 potions of cancellation
 V - a potion of might
Miscellaneous
 a - a lamp of fire
 k - 6 phantom mirrors
Comestibles
 f - 20 bread rations
 s - 33 meat rations
 C - 12 royal jellies
 J - 39 fruits
 K - 16 slices of pizza


   Skills:
 O Level 27 Fighting
 O Level 27 Axes
 - Level 9.0 Crossbows
 O Level 27 Armour
 * Level 17.3 Dodging
 O Level 27 Shields
 O Level 27 Invocations


You had 26 spell levels left.
You didn't know any spells.

Dungeon Overview and Level Annotations

Branches:
Dungeon (15/15)            Temple (1/1) D:7            Lair (6/6) D:11
 Shoals (4/4) Lair:3        Snake (4/4) Lair:2        Slime (5/5) Lair:5
    Orc (2/2) D:10            Elf (3/3) Orc:2        Vaults (5/5) D:14
  Crypt (3/3) Vaults:2       Tomb (0/3) Crypt:3      Depths (5/5) D:15
    Zot (0/5) Depths:5

Altars:
Ashenzari
Cheibriados
Dithmenos
Elyvilon
Fedhas
Gozag
Hepliaklqana
Kikubaaqudgha
Makhleb
Nemelex Xobeh
Okawaru
Qazlal
Ru
Sif Muna
Trog
Uskayaw
Vehumet
Xom
Yredelemnul
Zin
The Shining One
Beogh

Shops:
D:10 [?:%!}(?*   D:13 %}*   Orc:2 ?}?[   Elf:1 (   Elf:3 }   Shoals:1 *?!
Shoals:2 :   Shoals:4 :   Snake:3 [!(**}?   Vaults:2 (   Vaults:3 =
Vaults:4 %   Depths:1 *   Depths:3 }

Portals:
Hell: Lair:6 Depths:1 Depths:2 Depths:3 Depths:4 Depths:5
Abyss: Crypt:2 Depths:3 Depths:4
Pandemonium: Depths:3 Depths:4 Depths:5

Annotations:
D:7 exclusions: 2 electric eels, sensed monster (detected) and 2 more exclusions
Snake:2 exclusion: 2 oklob plants
Elf:2 5 runed doors
Vaults:2 exclusion: orange crystal statue


Innate Abilities, Weirdness & Mutations

You are under a permanent stasis effect.
You can dig through walls and to a lower floor.
Your four strong arms can wield two-handed weapons with a shield.
You have a pair of large antennae on your head. (SInv)
You are partially covered in rugged brown scales. (AC +1, +3% HP)
Your mind is acute. (Int +2)
You are resistant to hostile enchantments. (MR+)


Message History

Unknown command.
Evoke which item? (* to show all) (? for menu, Esc to quit)
Zapping:
M - a wand of heal wounds (6/9)
Press: ? - help, Shift-Dir - straight line, f - you You feel much better.
This wand has 5 charges left.
You block the angel's attack. x2; You block the pearl dragon's attack.
The pearl dragon claws you but does no damage.
The pearl dragon closely misses you. You block the pearl dragon's attack.
The pearl dragon bites you but does no damage.
The pearl dragon closely misses you. You block the pearl dragon's attack.
The pearl dragon claws you but does no damage.
The ophan calls forth blessed flames!
The angel hits you with a whip of holy wrath!!
* * * LOW HITPOINT WARNING * * *
The angel hits you but does no damage.
The cherub sings a powerful hymn!
The ophan goes into a battle-frenzy!
The daeva calls down the wrath of the Shining One upon you.
The Shining One smites you!
You die...

▓▓..........P.♣...
▓▓..............P.....
▓.∩.........♣♣.#.♣♣...
▓▓.............Y{A....
▓▓..........A.♣A{A...
▓▓..........A♣A{Y...
▓▓......AAGGGA{....
▓▓.....AGDGDAAA...
▓▓....YD@GG{.A...
▓▓....DADA.{....
▓▓....AAAG.....
▓▓▓▓▓▓▓▓▓▓▓▓▓▓


You could see 2 apis, 3 daevas, 5 pearl dragons, 4 angels, 8 ophanim and 3
cherubim.

Vanquished Creatures
  the Royal Jelly (Slime:5)
  3 ancient liches
  Mennas (Depths:4)
  Mara (Vaults:4)
  2 juggernauts (Zig:11)
  Sojobo (Depths:3)
  5 greater mummies (Zig:15)
  Boris (Depths:5)
  Bai Suzhen (Depths:3)
  Vashnia (Snake:4)
  Frederick (Vaults:3)
  Xtahua (Depths:3)
  5 caustic shrikes
  Nikola (Depths:3)
  5 golden dragons
  A pearl dragon (Zig:21)
  5 bone dragons
  the Enchantress (Depths:1)
  8 Brimstone Fiends (Pan)
  5 Tzitzimimeh (Pan)
  Jorgrun (Snake:4)
  An iron giant (Zig:18)
  6 tentacled monstrosities
  A hellephant (Pan)
  9 liches
  12 Ice Fiends
  10 pandemonium lords (Pan)
  8 deep elf blademasters
  11 Hell Sentinels
  Asterion (Vaults:1)
  10 deep elf master archers
  17 tentacled starspawn
  A quicksilver dragon (Vaults:5)
  28 acid blobs
  A kraken (Shoals:4)
  An eldritch tentacle (Pan)
  21 titans
  7 ancient champions
  Polyphemus (Shoals:3)
  12 Executioners
  Gastronok (Lair:3)
  8 sphinxes
  7 shadow dragons (Vaults:5)
  14 tengu reavers
  3 draconian monks (Zig:20)
  Kirke (Lair:4)
  Ilsuiw (Shoals:4)
  Donald (Snake:3)
  4 storm dragons
  21 azure jellies
  26 nagarajas
  2 draconian knights (Zig:20)
  29 fire giants
  2 caustic shrike zombies
  Aizul (Snake:3)
  6 deep elf sorcerers
  7 ghost moths
  14 vault wardens
  5 iron dragons
  2 draconian shifters (Zig:20)
  2 emperor scorpions
  8 draconian scorchers
  6 orc warlords
  32 frost giants
  15 balrugs (Pan)
  11 cacodemons
  7 ghouls
  4 spriggan defenders
  7 curse skulls
  11 reapers
  4 warmongers (Pan)
  11 deep elf elementalists
  72 large abominations
  20 very ugly things
  14 ironheart preservers
  5 ophanim (Zig:21)
  4 draconian annihilators
  2 angels
  5 entropy weavers
  30 stone giants
  4 draconian callers (Zig:20)
  A juggernaut skeleton (Zig:18)
  The ghost of Tabu the Sorcerer, an adept DEWz of Vehumet (Snake:2)
  A caustic shrike skeleton (Zig:18)
  A stone giant (shapeshifter) (Vaults:5)
  16 blood saints (Pan)
  5 vampire knights
  3 bennus (Zig:15)
  2 war gargoyles
  An apis (Zig:21)
  8 black suns (Pan)
  2 black draconians
  9 corrupters
  10 deep elf demonologists
  3 purple draconians (Zig:20)
  9 lorocyprocas (Pan)
  2 dire elephants (Lair:6)
  4 green draconians
  10 deep elf annihilators
  8 yellow draconians
  3 mottled draconians
  4 spark wasps
  An ettin (shapeshifter) (Vaults:5)
  6 red draconians
  5 white draconians
  11 merfolk javelineers
  17 blizzard demons
  3 eidola (Crypt:2)
  14 ettins
  12 deep elf death magi
  6 death oozes (Slime:5)
  Snorg (Lair:4)
  12 green deaths
  13 fire dragons
  A quicksilver dragon zombie (Zig:18)
  A crystal guardian (Abyss:4)
  7 merfolk impalers
  A minotaur (Lab)
  4 deep elf high priests
  16 great orbs of eyes
  4 mummy priests
  12 jiangshi
  Fannar (D:10)
  16 naga warriors
  7 rakshasas
  5 spriggan air magi
  18 monstrous demonspawn (Pan)
  22 yaktaur captains
  2 quicksilver dragon skeletons (Crypt:3)
  28 vault guards
  11 ice dragons
  Harold (D:10)
  3 juggernaut simulacra
  2 hell beasts
  10 hydras
  A ghost crab (shapeshifter) (Depths:5)
  3 merfolk avatars
  3 catoblepae
  5 merfolk aquamancers
  3 alligator snapping turtles
  21 dancing weapons
  2 death knights
  16 anacondas
  7 death yaks
  3 tengu warriors
  9 ogre magi
  7 deep troll shamans
  A death scarab (Zig:9)
  11 centaur warriors
  7 hell hogs
  6 holy swine (Pan)
  A titan zombie (Zig:18)
  7 vampire magi
  21 thrashing horrors
  8 satyrs
  9 spriggan berserkers
  29 naga sharpshooters
  13 deep troll earth magi
  7 orc high priests
  11 shock serpents
  33 soul eaters
  23 deep elf knights
  5 iron trolls
  A titan skeleton (Zig:15)
  Nergalle (D:10)
  54 skeletal warriors
  19 wretched stars
  42 sun demons
  2 spatial maelstroms (Zig:16)
  4 shadow wraiths
  A fire crab (shapeshifter) (Vaults:4)
  7 hell knights
  A golden dragon zombie (Crypt:3)
  22 deep trolls
  15 torturous demonspawn
  19 sea snakes
  20 sixfirhies
  2 storm dragon skeletons (Crypt:3)
  3 salamander mystics
  16 infernal demonspawn
  5 hill giants
  6 gelid demonspawn
  4 glowing orange brains
  A swamp dragon (Abyss:2)
  9 naga ritualists
  7 unseen horrors
  A lindwurm (shapeshifter) (Vaults:5)
  An orange crystal statue (Zig:14)
  25 deep elf archers
  3 shadow dragon zombies
  9 harpies
  A harpy (shapeshifter) (Vaults:2)
  A wizard (Lair:6)
  15 flayed ghosts
  19 shadow demons (Pan)
  9 phantasmal warriors
  2 tengu zombies
  A sphinx zombie (Zig:18)
  20 mana vipers
  13 necromancers
  An iron dragon zombie (Depths:2)
  11 orc sorcerers
  Pikel (D:6)
  12 ironbrand convokers
  8 shining eyes
  A stone giant zombie (Depths:2)
  11 wolf spiders
  18 orc knights
  A moth of wrath (shapeshifter) (Vaults:5)
  8 orb spiders
  7 oklob plants (Zig:6)
  15 salamanders
  4 shadow dragon skeletons
  2 iron dragon skeletons
  18 manticores
  A sphinx skeleton (Vaults:2)
  12 sirens
  3 worldbinders
  11 cyclopes
  2 salamanders (shapeshifter)
  38 ugly things
  71 deep elf magi
  20 fauns
  4 moths of wrath
  9 guardian serpents
  9 rust devils
  7 elephants
  A black mamba (shapeshifter) (Vaults:2)
  4 gargoyles
  3 elf zombies (Zig:18)
  Psyche (D:10)
  5 apocalypse crabs
  13 vault sentinels
  2 ice statues (IceCv)
  A storm dragon simulacrum (Vaults:1)
  5 fire giant skeletons
  16 water nymphs
  4 stone giant skeletons
  25 orange demons
  34 naga magi
  3 torpor snails
  3 frost giant skeletons
  8 spiny frogs
  50 black mambas
  69 smoke demons
  A komodo dragon (shapeshifter) (Vaults:1)
  4 swamp worm zombies (Crypt:2)
  3 eyes of devastation
  28 demonic crawlers
  A death yak zombie (Crypt:3)
  4 kobold demonologists (D:14)
  A shock serpent skeleton (Crypt:3)
  9 hellions
  2 human zombies
  8 efreet
  2 centaur skeletons
  56 yaktaurs
  A yaktaur (shapeshifter) (D:15)
  13 ancient zymes
  16 hellwings
  3 rime drakes
  19 tormentors
  6 komodo dragons
  9 human skeletons
  A golden dragon simulacrum (Zig:15)
  24 ice devils
  2 white draconian skeletons (Crypt:3)
  5 freezing wraiths
  29 red devils
  9 trolls
  5 tengu conjurers
  2 trolls (shapeshifter)
  3 polar bears
  A meliai (shapeshifter) (Depths:3)
  11 wind drakes
  11 guardian mummies
  A queen bee (shapeshifter) (Zig:12)
  8 hornets
  3 jumping spiders
  A merfolk (shapeshifter) (Depths:1)
  A harpy skeleton (Crypt:2)
  3 spriggan zombies
  2 yaktaur skeletons
  3 wind drakes (shapeshifter)
  17 two-headed ogres
  A death drake skeleton (Crypt:2)
  17 dream sheep
  A hydra skeleton (Crypt:3)
  5 blink frogs
  44 merfolk
  123 slime creatures
  11 hippogriffs
  4 bog bodies
  An ettin zombie (Vaults:2)
  17 raiju
  2 centaur simulacra (D:15)
  13 snapping turtles
  15 redbacks
  7 tarantellas
  44 flying skulls
  2 ice dragon skeletons (Crypt:3)
  An alligator skeleton (Crypt:3)
  42 yaks
  3 air elementals
  A fire dragon skeleton (Abyss:1)
  4 ettin skeletons
  4 spriggans
  2 wyverns
  16 water elementals
  16 wraiths
  A basilisk (shapeshifter) (Vaults:1)
  2 vampires
  54 ynoxinuls
  A human (shapeshifter) (Vaults:1)
  20 humans (D:14)
  18 golden eyes
  4 basilisks
  41 chaos spawn
  3 fire elementals
  13 neqoxecs
  3 ushabtiu (Zig:15)
  5 hogs (Lair:4)
  A hog (shapeshifter) (Zig:16)
  2 hungry ghosts
  A spatial vortex (Zig:16)
  7 vampire mosquitoes
  A mottled dragon (shapeshifter) (Vaults:5)
  22 wargs
  3 mottled dragons
  59 nagas
  2 soldier ants (shapeshifter)
  A swamp worm (shapeshifter) (Vaults:5)
  20 water moccasins
  An orb spider zombie (Crypt:1)
  A floating eye (shapeshifter) (Zig:8)
  11 hell hounds
  A floating eye (Slime:5)
  9 porcupines
  A swamp drake (Abyss:2)
  90 orc warriors
  3 spiny frog skeletons
  A water nymph skeleton (Crypt:3)
  5 sky beasts
  2 deep troll skeletons (Vaults:2)
  A meliai simulacrum (D:15)
  6 necrophages
  An eye of draining (shapeshifter) (Vaults:4)
  12 eyes of draining
  4 ice beasts
  A swamp dragon zombie (Crypt:2)
  An ogre (shapeshifter) (Abyss:4)
  48 ogres
  A phantom (D:8)
  A snapping turtle skeleton (Crypt:2)
  18 wolves
  12 centaurs
  20 crocodiles
  A swamp dragon skeleton (Crypt:3)
  A komodo dragon zombie (Crypt:3)
  9 big kobolds
  Blork the orc (D:6)
  2 earth elementals
  A hell hound zombie (Crypt:1)
  A gnoll sergeant (Zig:11)
  A wyvern zombie (D:10)
  22 bullfrogs
  A deep troll simulacrum (Vaults:2)
  2 wyvern skeletons (D:13)
  4 scorpions
  28 small abominations
  An elf simulacrum (Vaults:2)
  9 killer bees (D:12)
  17 wights
  3 howler monkeys
  3 electric eels
  6 centaur zombies
  10 crimson imps
  2 bullfrog zombies
  40 starcursed masses
  44 orc priests
  7 hounds
  2 human simulacra
  3 jellies
  A two-headed ogre zombie (Crypt:1)
  Crazy Yiuf (D:6)
  10 iron imps
  37 orc wizards
  A demonspawn zombie (Crypt:2)
  5 iguanas
  Natasha (thrice) (D:2)
  3 lightning spires
  9 worker ants
  6 hell rats (Lair:6)
  A mottled dragon zombie (Crypt:3)
  A demigod skeleton (Crypt:1)
  A naga skeleton (Crypt:1)
  A deep dwarf skeleton (Crypt:3)
  2 hound zombies
  A hound skeleton (Crypt:1)
  17 mummies
  20 adders
  15 gnolls
  4 river rats
  A swamp drake skeleton (Crypt:3)
  2 shadow imps
  6 white imps
  12 ufetubi
  9 oozes
  3 adder skeletons
  An adder zombie (D:7)
  3 worms
  A dart slug (D:2)
  15 leopard geckos
  214 orcs
  20 ball pythons
  14 giant cockroaches
  16 goblins
  18 hobgoblins
  12 jackals
  3 quokkas
  19 bats
  24 frilled lizards
  37 kobolds
  A kobold skeleton (Crypt:3)
  2 leopard gecko skeletons
  2 quokka skeletons
  12 rats
  6 crawling corpses
  A demonic plant (Pan)
  10 fungi
  A lurking horror (Abyss:5)
  14 plants
  15 starspawn tentacles
  3 tentacles (Shoals:4)
4335 creatures vanquished.

Vanquished Creatures (collateral kills)
  A bennu (Zig:15)
  5 mummy priests
  A death scarab (Zig:15)
  A titan zombie (Zig:9)
  An iron dragon skeleton (Zig:15)
  2 guardian mummies
  A flying skull (Zig:15)
  A mummy (Zig:15)
13 creatures vanquished.

Vanquished Creatures (others)
  9 deep elf master archers
  A draconian monk (Zig:20)
  A frost giant (Crypt:2)
  A stone giant (Crypt:1)
  2 yaktaur captains
  3 satyrs (Zig:17)
  A hell hog (shapeshifter) (Vaults:5)
  2 naga sharpshooters
  An unseen horror (shapeshifter) (Depths:1)
  3 fauns (Zig:17)
  4 smoke demons (Pan)
  2 naga magi (Zig:19)
  2 yaktaurs
  An ice devil (Zig:18)
  2 ancient zymes
  A starcursed mass (Abyss:5)
  A ynoxinul (Pan)
  A small abomination (Zig:10)
  2 centaurs (Zig:17)
  A jelly (D:6)
  An orc wizard (Orc:2)
  5 white imps (IceCv)
  A kobold (D:10)
  A demonic plant (Pan)
  3 fungi
  8 plants
  20 starspawn tentacles
  9 tentacles (Shoals:4)
89 creatures vanquished.

Grand Total: 4437 creatures vanquished

Notes
Turn   | Place    | Note
-------+----------+-------------------------------------------
     0 | D:1      | Kirk the Formicid Fighter began the quest for the Orb.
     0 | D:1      | Reached XP level 1. HP: 18/18 MP: 1/1
    66 | D:1      | Reached XP level 2. HP: 19/24 MP: 2/2
   116 | D:1      | Reached XP level 3. HP: 25/29 MP: 3/3
   690 | D:2      | Reached XP level 4. HP: 26/35 MP: 4/4
   701 | D:2      | Noticed Natasha
   707 | D:2      | Killed Natasha
   892 | D:2      | Found a shadowy altar of Dithmenos.
   893 | D:2      | Found an opulent altar of Gozag.
  1149 | D:2      | Noticed Natasha
  1155 | D:2      | Killed Natasha
  1155 | D:2      | Reached XP level 5. HP: 30/41 MP: 5/5
  1181 | D:2      | Noticed Natasha
  1193 | D:2      | Killed Natasha
  1473 | D:3      | Reached skill level 5 in Axes
  1473 | D:3      | Reached XP level 6. HP: 41/47 MP: 6/6
  1951 | D:4      | Reached XP level 7. HP: 39/52 MP: 7/7
  2174 | D:4      | Found a glowing drain.
  2183 | Sewer    | Entered a sewer
  2284 | Sewer    | Reached skill level 5 in Armour
  3137 | D:4      | Reached XP level 8. HP: 29/58 MP: 8/8
  3332 | D:4      | Found a burning altar of Makhleb.
  3332 | D:4      | Noticed a blizzard demon
  3438 | D:5      | Entered Level 5 of the Dungeon
  4436 | D:5      | Reached XP level 9. HP: 64/64 MP: 9/9
  5213 | D:6      | Noticed Blork the orc
  5217 | D:6      | Killed Blork the orc
  5217 | D:6      | Reached skill level 10 in Axes
  5333 | D:6      | Found a runed door.
  5414 | D:6      | Noticed Pikel
  5433 | D:6      | Killed Pikel
  5614 | D:6      | Noticed Crazy Yiuf
  5617 | D:6      | Killed Crazy Yiuf
  5695 | D:7      | Found a staircase to the Ecumenical Temple.
  5727 | D:7      | Noticed a hippogriff
  5732 | D:7      | Killed a hippogriff
  5753 | Temple   | Entered the Ecumenical Temple
  5989 | D:4      | Noticed a hellwing
  6084 | Temple   | Became a worshipper of Warmaster Okawaru
  6228 | D:7      | Reached XP level 10. HP: 67/70 MP: 10/10
  7001 | D:8      | Reached * piety under Okawaru
  7198 | D:8      | Noticed a three-headed hydra
  7207 | D:8      | Killed a one-headed hydra
  7207 | D:8      | Reached ** piety under Okawaru
  7216 | D:8      | Got a steaming halberd
  7403 | D:8      | Found an iron altar of Okawaru.
  7454 | D:8      | Found a deep blue altar of Sif Muna.
  8033 | D:9      | Reached *** piety under Okawaru
  8233 | D:9      | Reached XP level 11. HP: 47/75 MP: 11/11
  8980 | D:9      | Reached **** piety under Okawaru
  9275 | D:9      | Noticed an orc sorcerer
  9287 | D:9      | Killed an orc sorcerer
  9287 | D:9      | Reached skill level 10 in Armour
  9493 | D:9      | Found a snail-covered altar of Cheibriados.
  9870 | D:10     | Entered Level 10 of the Dungeon
  9870 | D:10     | Found Dim Vooclia's Weapon Shoppe.
  9870 | D:10     | Found Firr's Distillery.
  9871 | D:10     | Found Viguis's General Store.
  9882 | D:10     | Reached ***** piety under Okawaru
  9922 | D:10     | Found Voublenee's Magic Scroll Shoppe.
  9938 | D:10     | Bought a scroll of identify for 26 gold pieces
  9938 | D:10     | Bought a scroll of identify for 26 gold pieces
  9941 | D:10     | Bought a potion of heal wounds for 75 gold pieces
  9941 | D:10     | Bought a potion of heal wounds for 75 gold pieces
  9941 | D:10     | Bought a potion of curing for 45 gold pieces
  9941 | D:10     | Bought a potion of curing for 45 gold pieces
  9941 | D:10     | Bought a potion of curing for 45 gold pieces
  9970 | D:10     | Bought a scroll of identify for 26 gold pieces
  9986 | D:10     | Found Dutwix's Food Shoppe.
  9988 | D:10     | Noticed Nergalle
  9991 | D:10     | You fall through a shaft for 3 floors!
 10011 | D:13     | Noticed a brown ugly thing
 10038 | D:13     | Found Firrow's Food Boutique.
 10060 | D:13     | Killed a brown ugly thing
 10124 | D:13     | Found a flagged portal.
 10135 | Bailey   | Entered a bailey
 10221 | Bailey   | Gained mutation: You are weak. (Str -2) [potion of mutation]
 10221 | Bailey   | Gained mutation: Your spells are a little harder to cast, but a little more powerful. [potion of mutation]
 10222 | Bailey   | Gained mutation: You are dopey. (Int -2) [potion of mutation]
 10222 | Bailey   | Gained mutation: Your flesh is heat resistant. (rF+) [potion of mutation]
 10773 | Bailey   | Noticed an orc knight
 10852 | D:13     | Noticed a skeletal warrior
 10874 | D:13     | Noticed a skeletal warrior
 10874 | D:13     | Noticed a skeletal warrior
 10882 | D:13     | Noticed a skeletal warrior
 10883 | D:13     | Noticed a skeletal warrior
 10889 | D:13     | You fall through a shaft for 2 floors!
 10889 | D:15     | Entered Level 15 of the Dungeon
 11123 | D:15     | Identified a scroll of acquirement
 11169 | D:15     | Noticed a brown ugly thing
 11169 | D:15     | Noticed a brown ugly thing
 11170 | D:15     | Noticed a brown ugly thing
 11170 | D:15     | Noticed a brown ugly thing
 11170 | D:15     | Noticed a brown ugly thing
 11170 | D:15     | Noticed a brown ugly thing
 11204 | D:15     | Noticed a purple ugly thing
 11205 | D:15     | Noticed a purple ugly thing
 11207 | D:15     | Noticed a purple ugly thing
 11217 | D:14     | Killed a purple ugly thing
 11217 | D:14     | Reached skill level 5 in Fighting
 11217 | D:14     | Reached skill level 5 in Shields
 11217 | D:14     | Reached XP level 12. HP: 48/86 MP: 12/12
 11516 | D:12     | Got a faintly humming chain mail
 11544 | D:11     | Identified the +1 chain mail of the Ladybird {rF+} (You found it on level 12 of the Dungeon)
 11559 | D:10     | Found Oriu's Armour Shoppe.
 11593 | D:10     | Noticed Fannar
 11604 | D:10     | Killed Fannar
 11604 | D:10     | Reached skill level 15 in Axes
 11645 | D:10     | Found a staircase to the Orcish Mines.
 11655 | D:10     | Received a gift from Okawaru
 11712 | D:10     | Noticed Harold
 11910 | D:10     | Killed Nergalle
 11919 | D:10     | Found Deuxke's Magic Scroll Boutique.
 11960 | D:10     | Noticed Psyche
 11972 | D:10     | Killed Psyche
 11972 | D:10     | Received a gift from Okawaru
 12151 | D:10     | Found Ufoul's Gadget Emporium.
 12196 | D:10     | Found Vikonih's Book Emporium.
 12347 | D:10     | Killed Harold
 12813 | D:11     | Found a staircase to the Lair.
 13077 | Lair:1   | Entered Level 1 of the Lair of Beasts
 13106 | Lair:1   | Reached XP level 13. HP: 92/95 MP: 13/13
 14288 | Lair:2   | Found a staircase to the Snake Pit.
 14663 | Lair:2   | Reached ****** piety under Okawaru
 14663 | Lair:2   | Received a gift from Okawaru
 14856 | Lair:2   | Noticed a five-headed hydra
 14865 | Lair:2   | Killed a one-headed hydra
 15148 | Lair:3   | Noticed Gastronok
 15248 | Lair:3   | Found a staircase to the Shoals.
 15579 | Lair:3   | Killed Gastronok
 16012 | Lair:4   | Noticed Snorg
 16030 | Lair:4   | Killed Snorg
 16545 | Lair:4   | Noticed Kirke
 16559 | Lair:4   | Killed Kirke
 16559 | Lair:4   | Received a gift from Okawaru
 16559 | Lair:4   | Reached XP level 14. HP: 108/108 MP: 14/14
 16885 | Lair:5   | Found a labyrinth entrance.
 16894 | Lab      | Entered a labyrinth
 17082 | Lab      | Got an iridescent hand crossbow
 17087 | Lab      | Identified the cursed +1 hand crossbow of Hacking and Slashing {venom, rElec} (You found it in a labyrinth)
 17510 | Lair:5   | Received a gift from Okawaru
 17581 | Lair:5   | Found a staircase to the Slime Pits.
 17879 | Lair:6   | Entered Level 6 of the Lair of Beasts
 18167 | Lair:6   | Reached skill level 10 in Fighting
 18413 | Lair:6   | Reached skill level 10 in Shields
 18870 | Lair:6   | Received a gift from Okawaru
 18887 | Lair:6   | Got jewelled swamp dragon scales {god gift}
 18970 | Lair:6   | Identified the +1 swamp dragon scales of the Sturgeon {rPois Str+3 Int+5} (Okawaru gifted it to you on level 6 of the Lair of Beasts)
 19017 | Lair:6   | Noticed a dire elephant
 19040 | Lair:6   | Killed a dire elephant
 19096 | Lair:6   | Noticed a dire elephant
 19105 | Lair:6   | Killed a dire elephant
 19105 | Lair:6   | Reached skill level 1 in Invocations
 19116 | Lair:6   | Reached XP level 15. HP: 117/117 MP: 16/16
 19410 | Lair:6   | Found a burning altar of Makhleb.
 19705 | Lair:6   | Found a gateway to Hell.
 20424 | Orc:1    | Entered Level 1 of the Orcish Mines
 20424 | Orc:1    | Noticed a stone giant
 20434 | Orc:1    | Killed a stone giant
 20593 | Orc:2    | Entered Level 2 of the Orcish Mines
 20995 | Orc:2    | Found a roughly hewn altar of Beogh.
 21199 | Orc:2    | Noticed an orc warlord
 21215 | Orc:2    | Killed an orc warlord
 21254 | Orc:2    | Reached skill level 5 in Invocations
 21460 | Orc:2    | Found a staircase to the Elven Halls.
 21562 | Orc:2    | Got a serpentine platinum amulet
 21767 | Orc:2    | Received a gift from Okawaru
 21770 | Orc:2    | Identified the amulet "Uricha" {Inacc *Corrode rPois Str+7 SInv} (You found it on level 2 of the Orcish Mines)
 21896 | Orc:2    | Noticed an orc warlord
 21931 | Orc:2    | Killed an orc warlord
 22373 | Orc:2    | Noticed an orc warlord
 22373 | Orc:2    | Found Garobro's Antique Armour Shop.
 22382 | Orc:2    | Killed an orc warlord
 22402 | Orc:2    | Bought a pair of runed gloves for 252 gold pieces
 22567 | Orc:2    | Found Ceygif's Magic Scroll Boutique.
 22709 | Orc:2    | Bought a scroll of silence for 105 gold pieces
 22824 | Orc:2    | Found Oplodoh's Gadget Boutique.
 22861 | Orc:2    | Found a roughly hewn altar of Beogh.
 22920 | Orc:2    | Found Ziyngif's Magic Scroll Shoppe.
 22947 | Orc:2    | Bought a scroll of holy word for 97 gold pieces
 22949 | Orc:2    | Bought a scroll of enchant armour for 97 gold pieces
 23269 | Orc:2    | Reached XP level 16. HP: 66/127 MP: 14/20
 23589 | D:13     | Found Gocat's General Store.
 23609 | D:13     | Found Pilu's Gadget Boutique.
 23672 | D:13     | Found Saiwawuy's Armour Boutique.
 24204 | D:14     | Found a white marble altar of Elyvilon.
 24271 | D:14     | Received a gift from Okawaru
 24285 | D:14     | Identified a +1 pair of boots of running (Okawaru gifted it to you on level 14 of the Dungeon)
 24498 | D:14     | Found a gate to the Vaults.
 25743 | D:15     | Reached XP level 17. HP: 117/138 MP: 22/22
 25887 | D:15     | Found a staircase to the Depths.
 26052 | D:15     | Found a snail-covered altar of Cheibriados.
 26311 | D:15     | Received a gift from Okawaru
 26452 | D:10     | Bought a scroll of acquirement for 676 gold pieces
 26452 | D:10     | Bought a scroll of acquirement for 676 gold pieces
 26487 | D:10     | Got a polished large shield
 26499 | D:10     | Identified the +0 large shield of Trial and Error {rC+ Str+3 Int+3} (You acquired it on level 10 of the Dungeon)
 26578 | D:13     | Lost mutation: You are dopey. (Int -2) [potion of cure mutation]
 26578 | D:13     | Lost mutation: Your spells are a little harder to cast, but a little more powerful. [potion of cure mutation]
 26578 | D:13     | Lost mutation: Your flesh is heat resistant. (rF+) [potion of cure mutation]
 26578 | D:13     | Lost mutation: You are weak. (Str -2) [potion of cure mutation]
 26579 | D:13     | Gained mutation: Your spells are a little easier to cast, but a little less powerful. [potion of mutation]
 26579 | D:13     | Gained mutation: Your flesh is cold resistant. (rC+) [potion of mutation]
 26579 | D:13     | Lost mutation: Your flesh is cold resistant. (rC+) [potion of mutation]
 26644 | D:15     | Gained mutation: Your body sometimes deteriorates upon taking damage. [potion of mutation]
 26644 | D:15     | Gained mutation: Your system is resistant to poisons. (rPois) [potion of mutation]
 26644 | D:15     | Gained mutation: You are clumsy. (Dex -2) [potion of mutation]
 26645 | D:15     | Lost mutation: You are clumsy. (Dex -2) [potion of cure mutation]
 26645 | D:15     | Lost mutation: Your spells are a little easier to cast, but a little less powerful. [potion of cure mutation]
 26645 | D:15     | Lost mutation: Your body sometimes deteriorates upon taking damage. [potion of cure mutation]
 26645 | D:15     | Lost mutation: Your system is resistant to poisons. (rPois) [potion of cure mutation]
 26816 | Elf:1    | Entered Level 1 of the Elven Halls
 27237 | Elf:1    | Received a gift from Okawaru
 27322 | Elf:1    | Got an ancient scale mail
 27323 | Elf:1    | Identified the cursed +1 scale mail of Masochism {rF+++ Str+4 Dex+4 Stlth-} (You found it on level 1 of the Elven Halls)
 27776 | Elf:1    | Found Peyjilaj's Weapon Boutique.
 28434 | Elf:2    | Reached XP level 18. HP: 146/146 MP: 23/23
 28442 | Elf:2    | Found a huge runed gate.
 28442 | Elf:2    | Found a huge runed gate.
 28442 | Elf:2    | Found a huge runed gate.
 28442 | Elf:2    | Found a huge runed gate.
 28442 | Elf:2    | Found a huge runed gate.
 28547 | Elf:3    | Entered Level 3 of the Elven Halls
 28603 | Elf:3    | Found Ushuem's Quality Used Wands.
 28640 | Elf:3    | Found a frozen archway.
 28889 | IceCv    | Entered an ice cave
 28896 | IceCv    | Reached skill level 15 in Shields
 29043 | IceCv    | Received a gift from Okawaru
 29139 | IceCv    | Reached skill level 1 in Crossbows
 29161 | IceCv    | Noticed an Ice Fiend
 29179 | IceCv    | Killed an Ice Fiend
 29188 | IceCv    | Noticed an Ice Fiend
 29203 | IceCv    | Killed an Ice Fiend
 29476 | Elf:3    | Noticed a deep elf blademaster
 29482 | Elf:3    | Noticed a deep elf master archer
 29490 | Elf:3    | Killed a deep elf blademaster
 29500 | Elf:3    | Killed a deep elf master archer
 29619 | Elf:3    | Got a heavily runed bronze ring
 29678 | Elf:3    | Reached skill level 15 in Fighting
 29699 | Elf:3    | Noticed a deep elf blademaster
 29716 | Elf:3    | Killed a deep elf blademaster
 29762 | Elf:3    | Identified the ring "Ruril" {*Tele MR- Str+5 Dex+8} (You took it off a deep elf demonologist on level 3 of the Elven Halls)
 29780 | Elf:3    | Noticed a deep elf master archer
 29807 | Elf:3    | Killed a deep elf master archer
 29807 | Elf:3    | Received a gift from Okawaru
 29894 | Elf:3    | Noticed an Executioner
 29903 | Elf:3    | Reached XP level 19. HP: 123/157 MP: 17/24
 29905 | Elf:3    | Reached skill level 5 in Crossbows
 29966 | Elf:3    | Got a scorched cloak
 29977 | Elf:3    | Identified the +2 cloak "Uthriaso" {rCorr Dex+3} (You found it on level 3 of the Elven Halls)
 30075 | Elf:3    | Got a twitching wooden ring
 30381 | Elf:3    | Identified the ring "Xedyfum" {rF+ Stlth+} (You found it on level 3 of the Elven Halls)
 30677 | Shoals:1 | Entered Level 1 of the Shoals
 30684 | Shoals:1 | Found Waxty's Magic Scroll Shoppe.
 30707 | Shoals:1 | Found Acser's Distillery.
 30758 | Shoals:1 | Bought a scroll of fear for 63 gold pieces
 30758 | Shoals:1 | Bought a scroll of fog for 36 gold pieces
 30758 | Shoals:1 | Bought a scroll of fear for 63 gold pieces
 31051 | Shoals:1 | Bought a potion of heal wounds for 65 gold pieces
 31115 | Shoals:1 | Received a gift from Okawaru
 31232 | Shoals:1 | Found Jual's General Store.
 31762 | Shoals:2 | Found Betufyp's Book Emporium.
 32202 | Shoals:3 | Noticed Polyphemus
 32241 | Shoals:3 | Killed Polyphemus
 32843 | Shoals:4 | Entered Level 4 of the Shoals
 32846 | Shoals:4 | Found Tevesi's Book Shop.
 32875 | Shoals:4 | Reached XP level 20. HP: 167/167 MP: 25/25
 33081 | Shoals:4 | Got a bound tin amulet
 33083 | Shoals:4 | Identified the amulet "Noywae" {+Rage +Inv rN+ Str+3} (You found it on level 4 of the Shoals)
 33142 | Shoals:4 | Noticed Ilsuiw
 33185 | Shoals:4 | Received a gift from Okawaru
 33215 | Shoals:4 | Killed Ilsuiw
 34293 | Shoals:4 | Found a runed door.
 34795 | Shoals:4 | Got a barnacled rune of Zot
 35066 | Vaults:1 | Entered Level 1 of the Vaults
 35193 | Vaults:1 | Received a gift from Okawaru
 35390 | Vaults:1 | Received a gift from Okawaru
 35715 | Vaults:1 | Reached XP level 21. HP: 177/177 MP: 26/26
 35802 | Vaults:1 | Received a gift from Okawaru
 36114 | Vaults:1 | Noticed Asterion
 36138 | Vaults:1 | Killed Asterion
 36199 | Vaults:1 | Reached skill level 15 in Armour
 36920 | Vaults:2 | Found Celecrut's Weapon Shop.
 37117 | Vaults:2 | Found a staircase to the Crypt.
 37619 | Vaults:2 | Got a translucent arbalest
 37620 | Vaults:2 | Identified the +3 arbalest of Growth {elec, rPois rC+ Str-5} (You found it on level 2 of the Vaults)
 37802 | Vaults:2 | Received a gift from Okawaru
 38203 | Vaults:3 | Noticed Frederick
 38227 | Vaults:3 | Killed Frederick
 38227 | Vaults:3 | Received a gift from Okawaru
 38314 | Vaults:3 | Found Fiubixor's Jewellery Shoppe.
 38321 | Vaults:3 | Bought the ring of Xom's Condemnation {rElec rPois} for 476 gold pieces
 39367 | Vaults:4 | Noticed Mara
 39468 | Vaults:4 | Found a shattered altar of Ashenzari.
 39557 | Vaults:4 | Reached XP level 22. HP: 182/184 MP: 27/27
 39752 | Vaults:4 | Received a gift from Okawaru
 39771 | Vaults:4 | Killed Mara
 40081 | Vaults:4 | Found Ylonwoag's Food Emporium.
 40304 | Vaults:4 | Received a gift from Okawaru
 40310 | Vaults:4 | Got a slimy arbalest {god gift}
 40311 | Vaults:4 | Identified the +4 arbalest of Maagg {freeze, Str+3} (Okawaru gifted it to you on level 4 of the Vaults)
 40501 | Depths:1 | Entered Level 1 of the Depths
 40501 | Depths:1 | Noticed the Enchantress
 40543 | Depths:1 | Killed the Enchantress
 40802 | Depths:1 | Found Nebiunax's Pet Rocks.
 40926 | Depths:1 | Received a gift from Okawaru
 41086 | Depths:1 | Found a gateway to a ziggurat.
 41086 | Depths:1 | Noticed an ancient lich
 41148 | Depths:1 | Received a gift from Okawaru
 41759 | Depths:2 | Received a gift from Okawaru
 41791 | Depths:2 | Got a warped chain mail {god gift}
 41951 | Depths:2 | Noticed a caustic shrike
 41951 | Depths:2 | Noticed a caustic shrike
 41951 | Depths:2 | Noticed a caustic shrike
 41952 | Depths:2 | Noticed a caustic shrike
 41963 | Depths:2 | Killed a caustic shrike
 41978 | Depths:2 | Killed a caustic shrike
 41978 | Depths:2 | Reached XP level 23. HP: 152/190 MP: 21/28
 41994 | Depths:2 | Killed a caustic shrike
 42010 | Depths:2 | Killed a caustic shrike
 42501 | Depths:2 | Received a gift from Okawaru
 42776 | Depths:2 | Identified the Grimoire of Supportive Sinister Rituals
 43061 | Snake:1  | Entered Level 1 of the Snake Pit
 43209 | Snake:1  | Identified the +8 chain mail of Infinity {Stlth+} (Okawaru gifted it to you on level 2 of the Depths)
 43531 | Snake:1  | Found a runed gate.
 43531 | Snake:1  | Found a runed gate.
 43531 | Snake:1  | Found a runed gate.
 43589 | Snake:1  | Received a gift from Okawaru
 44167 | Snake:2  | Noticed Tabu's ghost (adept DEWz)
 44177 | Snake:2  | Killed Tabu's ghost
 44589 | Snake:3  | Noticed Aizul
 44613 | Snake:3  | Killed Aizul
 44648 | Snake:3  | Noticed Donald
 44664 | Snake:3  | Killed Donald
 44704 | Snake:3  | Found Jaupt's Armour Shop.
 44858 | Snake:3  | Found Ipuups's Gadget Boutique.
 44859 | Snake:3  | Found Amoqael's Assorted Antiques.
 44859 | Snake:3  | Found Naseus's Assorted Antiques.
 44862 | Snake:3  | Found Kenugrixt's Antique Weapon Shop.
 44868 | Snake:3  | Bought a scroll of magic mapping for 101 gold pieces
 44874 | Snake:3  | Bought a smoky cyan potion for 30 gold pieces
 44881 | Snake:3  | Gained mutation: You are resistant to hostile enchantments. (MR+) [potion of beneficial mutation]
 44969 | Snake:3  | Found Jihum's Magic Scroll Shop.
 44977 | Snake:3  | Bought a scroll of enchant armour for 127 gold pieces
 44982 | Snake:3  | Bought a scroll of acquirement for 884 gold pieces
 45139 | Snake:3  | Found Cihapesch's Distillery.
 45144 | Snake:3  | Bought a potion of might for 80 gold pieces
 45144 | Snake:3  | Bought a potion of might for 80 gold pieces
 45164 | Snake:4  | Entered Level 4 of the Snake Pit
 45179 | Snake:4  | Reached XP level 24. HP: 199/201 MP: 28/28
 45390 | Snake:4  | Received a gift from Okawaru
 45470 | Snake:4  | Received a gift from Okawaru
 45681 | Snake:4  | Got a serpentine rune of Zot
 45837 | Snake:4  | Noticed Jorgrun
 45849 | Snake:4  | Killed Jorgrun
 45881 | Snake:4  | Noticed Vashnia
 45986 | Snake:4  | Killed Vashnia
 46108 | Snake:4  | Found a radiant altar of Vehumet.
 47302 | Depths:3 | Received a gift from Okawaru
 47312 | Depths:3 | Noticed Xtahua
 47322 | Depths:3 | Killed Xtahua
 47383 | Depths:3 | Found a one-way gate leading to the halls of Pandemonium.
 47420 | Depths:3 | Reached XP level 25. HP: 181/210 MP: 28/28
 47468 | Depths:3 | Noticed Nikola
 47481 | Depths:3 | Killed Nikola
 47494 | Depths:3 | Found Zoplil's Gadget Shop.
 47586 | Depths:3 | Noticed Bai Suzhen
 47606 | Depths:3 | Killed Bai Suzhen
 47750 | Depths:3 | Noticed Sojobo
 47809 | Depths:3 | Received a gift from Okawaru
 47816 | Depths:3 | Killed Sojobo
 47816 | Depths:3 | Received a gift from Okawaru
 48006 | Depths:3 | Found a one-way gate to the infinite horrors of the Abyss.
 48510 | Depths:4 | Noticed a caustic shrike
 48520 | Depths:4 | Killed a caustic shrike
 48529 | Depths:4 | Received a gift from Okawaru
 48669 | Depths:4 | Noticed Mennas
 48684 | Depths:4 | Killed Mennas
 48841 | Depths:4 | Reached XP level 26. HP: 219/219 MP: 28/28
 48987 | Depths:4 | Found a portal to a secret trove of treasure.
 49076 | Depths:4 | Identified the Volume of Stones and Moulding
 49691 | Depths:5 | Entered Level 5 of the Depths
 49711 | Depths:5 | Received a gift from Okawaru
 49740 | Depths:5 | Received a gift from Okawaru
 49758 | Depths:5 | Received a gift from Okawaru
 50053 | Depths:5 | Found a sparkling altar of Nemelex Xobeh.
 50101 | Depths:5 | Found a gate to the Realm of Zot.
 50165 | Depths:5 | Noticed Boris
 50174 | Depths:5 | Killed Boris
 50445 | Depths:5 | Received a gift from Okawaru
 50818 | Vaults:2 | Received a gift from Okawaru
 50821 | Vaults:2 | Got a twisted chain mail {god gift}
 50822 | Vaults:2 | Identified the +0 chain mail of Distant Shores {+Blink rC+} (Okawaru gifted it to you on level 2 of the Vaults)
 50864 | Crypt:1  | Entered Level 1 of the Crypt
 51746 | Crypt:2  | Reached XP level 27. HP: 224/224 MP: 28/28
 52337 | Crypt:2  | Found a shimmering altar of Xom.
 52413 | Crypt:3  | Entered Level 3 of the Crypt
 52419 | Crypt:3  | Reached skill level 27 in Axes
 52427 | Crypt:3  | Got a coiled diamond amulet
 52428 | Crypt:3  | Identified the amulet of Notakkil {Faith rElec Dex+5 Stlth+} (You acquired it on level 3 of the Crypt)
 52836 | Crypt:3  | Found a staircase to the Tomb.
 53177 | Crypt:3  | Reached skill level 1 in Dodging
 53252 | Crypt:3  | Received a gift from Okawaru
 53253 | Crypt:3  | Found a basalt altar of Yredelemnul.
 53753 | Crypt:3  | Noticed an ancient lich
 53765 | Crypt:3  | Killed an ancient lich
 53765 | Crypt:3  | Received a gift from Okawaru
 53765 | Crypt:3  | Reached skill level 5 in Dodging
 53802 | Crypt:3  | Identified the Incunabulum of the Blowfly
 54098 | Vaults:2 | Upgraded the game from 0.19-a0-1920-g83281cb to 0.19-a0-1922-g1e9a4c1
 54157 | Vaults:5 | Entered Level 5 of the Vaults
 54375 | Vaults:5 | Received a gift from Okawaru
 54418 | Vaults:5 | Received a gift from Okawaru
 54449 | Vaults:5 | Got a pitted golden ring
 54450 | Vaults:5 | Identified the ring of the Cockroach {rC+ Slay+5} (You took it off a tengu reaver on level 5 of the Vaults)
 54541 | Vaults:5 | Identified the Compendium of the Birds and Intoxication
 55108 | Vaults:5 | Got a silver rune of Zot
 55126 | Vaults:5 | Received a gift from Okawaru
 55163 | Vaults:5 | Reached skill level 10 in Dodging
 55693 | Vaults:5 | Gained mutation: You are partially covered in yellow scales. (AC +2) [potion of beneficial mutation]
 56195 | Temple   | Fell from the grace of Okawaru
 56195 | Temple   | Became a worshipper of the Shining One
 56605 | Crypt:2  | Voluntarily entered the Abyss.
 56746 | Abyss:1  | Reached * piety under the Shining One
 56987 | Abyss:1  | Reached ** piety under the Shining One
 57187 | Abyss:3  | Found a corrupted altar of Lugonu.
 57213 | Abyss:3  | Reached *** piety under the Shining One
 57395 | Abyss:5  | Entered Level 5 of the Abyss
 57408 | Abyss:5  | Got a pair of scorched boots
 57484 | Abyss:5  | Found a basalt altar of Yredelemnul.
 57513 | Abyss:5  | Reached skill level 10 in Invocations
 57601 | Abyss:5  | Reached **** piety under the Shining One
 57668 | Abyss:5  | Reached ***** piety under the Shining One
 57707 | Crypt:2  | Escaped the Abyss
 57954 | Crypt:2  | Voluntarily entered the Abyss.
 58253 | Abyss:3  | Got a pair of smoking gloves
 58264 | Abyss:3  | Identified the +0 pair of gloves of the Valley {rF+ Str+3} (You acquired it on level 3 of the Abyss)
 58266 | Abyss:3  | Identified the cursed -5 pair of boots of the King {+Blink} (You found it on level 5 of the Abyss)
 58388 | Abyss:3  | Reached ****** piety under the Shining One
 58583 | Abyss:3  | Found a snail-covered altar of Cheibriados.
 58817 | Abyss:4  | Got an abyssal rune of Zot
 59071 | Abyss:4  | Found a corrupted altar of Lugonu.
 59307 | Abyss:5  | Entered Level 5 of the Abyss
 59318 | Crypt:2  | Escaped the Abyss
 59753 | Temple   | Identified a +9 executioner's axe of holy wrath (a +9 executioner's axe of freezing blessed by the Shining One)
 59753 | Temple   | Received a gift from the Shining One
 60069 | Depths:4 | You showed the abyssal rune of Zot to enter a treasure trove
 60070 | Trove    | Entered a treasure trove
 60222 | Depths:1 | Killed an ancient lich
 60296 | Pan      | Entered Pandemonium
 60389 | Pan      | Noticed Veicoink the pandemonium lord
 60406 | Pan      | Killed Veicoink the pandemonium lord
 60418 | Pan      | Gained mutation: You are dopey. (Int -2) [a neqoxec]
 60423 | Pan      | Got a demonic rune of Zot
 60705 | Pan      | Found an exit through the horrors of the Abyss.
 61238 | Pan      | Noticed Butue the pandemonium lord
 61258 | Pan      | Killed Butue the pandemonium lord
 61260 | Pan      | Gained mutation: Armour fits poorly on your strangely shaped body. [a cacodemon]
 61369 | Pan      | Found an exit through the horrors of the Abyss.
 61517 | Pan      | Gained mutation: Scrolls take you a little longer to read. [a cacodemon]
 61865 | Pan      | Lost mutation: Scrolls take you a little longer to read. [potion of cure mutation]
 61865 | Pan      | Lost mutation: You are dopey. (Int -2) [potion of cure mutation]
 62028 | Pan      | Gained mutation: You expend magic power (3 MP) to strengthen your wands. [a cacodemon]
 62054 | Pan      | Noticed Tusofiut the pandemonium lord
 62067 | Pan      | Killed Tusofiut the pandemonium lord
 62225 | Pan      | Found an exit through the horrors of the Abyss.
 62478 | Pan      | Reached skill level 15 in Invocations
 62710 | Pan      | Was forgiven by Okawaru
 62793 | Pan      | Found an exit through the horrors of the Abyss.
 63139 | Pan      | Noticed Riloawn the pandemonium lord
 63146 | Pan      | Killed Riloawn the pandemonium lord
 63530 | Pan      | Gained mutation: Your spells are a little easier to cast, but a little less powerful. [a neqoxec]
 63965 | Pan      | Reached skill level 27 in Fighting
 64490 | Pan      | Found an exit through the horrors of the Abyss.
 65154 | Pan      | Noticed Jaqipel the pandemonium lord
 65165 | Pan      | Killed Jaqipel the pandemonium lord
 65512 | Pan      | Gained mutation: You are clumsy. (Dex -2) [a neqoxec]
 65740 | Pan      | Found an exit through the horrors of the Abyss.
 66427 | Pan      | Found an exit through the horrors of the Abyss.
 66727 | Pan      | Noticed Mautraull the pandemonium lord
 66766 | Pan      | Killed Mautraull the pandemonium lord
 66822 | Pan      | Noticed Runetona the pandemonium lord
 66830 | Pan      | Killed Runetona the pandemonium lord
 66881 | Pan      | Lost mutation: You expend magic power (3 MP) to strengthen your wands. [potion of cure mutation]
 66881 | Pan      | Lost mutation: You are resistant to hostile enchantments. (MR+) [potion of cure mutation]
 66881 | Pan      | Lost mutation: You are clumsy. (Dex -2) [potion of cure mutation]
 66881 | Pan      | Lost mutation: You are partially covered in yellow scales. (AC +2) [potion of cure mutation]
 66881 | Pan      | Lost mutation: Your spells are a little easier to cast, but a little less powerful. [potion of cure mutation]
 66970 | Pan      | Found an exit through the horrors of the Abyss.
 67484 | Pan      | Found a runed door.
 67637 | Pan      | Found an exit through the horrors of the Abyss.
 67649 | Pan      | Found a runed door.
 67838 | Pan      | Found a runed door.
 67845 | Pan      | Found a runed door.
 68160 | Pan      | Noticed Pecvih the pandemonium lord
 68170 | Pan      | Killed Pecvih the pandemonium lord
 68323 | Pan      | Found an ancient bone altar of Kikubaaqudgha.
 68340 | Pan      | Noticed Afav Efe the pandemonium lord
 68348 | Pan      | Killed Afav Efe the pandemonium lord
 68391 | Pan      | Found an exit through the horrors of the Abyss.
 68507 | Pan      | Reached skill level 27 in Shields
 69104 | Pan      | Found an exit through the horrors of the Abyss.
 69795 | Pan      | Noticed Kutun the pandemonium lord
 69814 | Pan      | Killed Kutun the pandemonium lord
 70331 | Pan      | Found an exit through the horrors of the Abyss.
 70529 | Depths:3 | Escaped Pandemonium
 70807 | Slime:1  | Entered Level 1 of the Pits of Slime
 70814 | Slime:1  | Gained mutation: You are dopey. (Int -2) [a shining eye]
 70818 | Slime:1  | Gained mutation: You are clumsy. (Dex -2) [a shining eye]
 71707 | Slime:1  | Gained mutation: You are weak. (Str -2) [a shining eye]
 72091 | Slime:5  | Entered Level 5 of the Pits of Slime
 72093 | Slime:5  | Gained mutation: Your body sometimes deteriorates upon taking damage. [a shining eye]
 72096 | Slime:5  | Gained mutation: Your movements are slightly less encumbered by armour. (ER -2) [a shining eye]
 72479 | Slime:5  | Gained mutation: Your magical capacity is low. (-10% MP) [a shining eye]
 72481 | Slime:5  | Gained mutation: You are very clumsy. (Dex -4) [a shining eye]
 72482 | Slime:5  | Gained mutation: Potions and wands are less effective at restoring your health. [a shining eye]
 72716 | Slime:5  | Noticed the Royal Jelly
 72734 | Slime:5  | Killed the Royal Jelly
 72882 | Slime:5  | Got a slimy rune of Zot
 72884 | Slime:5  | Got a flickering brass ring
 72885 | Slime:5  | Identified the ring of Juetocatz {+Blink +Fly rF+ rC+ Int+3} (You found it on level 5 of the Pits of Slime)
 72933 | Slime:5  | Lost mutation: You are weak. (Str -2) [potion of cure mutation]
 72933 | Slime:5  | Lost mutation: You are dopey. (Int -2) [potion of cure mutation]
 72933 | Slime:5  | Lost mutation: You are very clumsy. (Dex -4) [potion of cure mutation]
 72933 | Slime:5  | Lost mutation: Your body sometimes deteriorates upon taking damage. [potion of cure mutation]
 72945 | Slime:5  | Got an ancient garnet amulet
 72946 | Slime:5  | Identified the amulet "Wekaus" {Inacc rC+} (You found it on level 5 of the Pits of Slime)
 72974 | Slime:4  | Gained mutation: You are very clumsy. (Dex -4) [a shining eye]
 73134 | Snake:3  | Bought a potion of cure mutation for 500 gold pieces
 73134 | Snake:3  | Lost mutation: Your magical capacity is low. (-10% MP) [potion of cure mutation]
 73134 | Snake:3  | Lost mutation: You are very clumsy. (Dex -4) [potion of cure mutation]
 73134 | Snake:3  | Lost mutation: Potions and wands are less effective at restoring your health. [potion of cure mutation]
 73134 | Snake:3  | Lost mutation: Armour fits poorly on your strangely shaped body. [potion of cure mutation]
 73134 | Snake:3  | Lost mutation: You are clumsy. (Dex -2) [potion of cure mutation]
 73135 | Snake:3  | Bought a potion of curing for 60 gold pieces
 73135 | Snake:3  | Bought 2 potions of curing for 120 gold pieces
 73135 | Snake:3  | Bought a potion of resistance for 200 gold pieces
 73135 | Snake:3  | Bought a potion of curing for 60 gold pieces
 73135 | Snake:3  | Bought a potion of curing for 60 gold pieces
 73595 | Zig:1    | Entered Level 1 of a ziggurat
 73615 | Zig:2    | Entered Level 2 of a ziggurat
 73640 | Zig:3    | Entered Level 3 of a ziggurat
 73647 | Zig:3    | Gained mutation: Scrolls take you a little longer to read. [a shining eye]
 73670 | Zig:4    | Entered Level 4 of a ziggurat
 73701 | Zig:4    | Identified the Grimoire of Feathers and Contamination
 73706 | Zig:5    | Entered Level 5 of a ziggurat
 73741 | Zig:6    | Entered Level 6 of a ziggurat
 73750 | Zig:6    | Noticed an ancient lich
 73762 | Zig:6    | Killed an ancient lich
 73762 | Zig:6    | Reached skill level 27 in Armour
 73784 | Zig:6    | Got a brightly glowing copper ring
 73787 | Zig:6    | Identified the ring "Feoqubo" {+Fly rPois} (You found it on level 6 of a ziggurat)
 73801 | Zig:7    | Entered Level 7 of a ziggurat
 73837 | Zig:7    | Got a vibrating lead ring
 73850 | Zig:7    | Identified the Volume of the Arsonist
 73855 | Zig:7    | Identified the ring "Ytaod" {rPois Str+4} (You found it on level 7 of a ziggurat)
 73954 | Zig:8    | Entered Level 8 of a ziggurat
 74032 | Zig:9    | Entered Level 9 of a ziggurat
 74250 | Zig:10   | Entered Level 10 of a ziggurat
 74299 | Zig:10   | Got a crude cloak
 74312 | Zig:10   | Identified the +2 cloak of Inaction {*Slow rCorr Int-5 Stlth+} (You found it on level 10 of a ziggurat)
 74332 | Zig:10   | Got a spiked plate armour
 74335 | Zig:10   | Identified the cursed +1 plate armour "Zuuqox" {*Contam rElec Regen+} (You found it on level 10 of a ziggurat)
 74338 | Zig:10   | Got a translucent plate armour
 74344 | Zig:10   | Identified the +4 plate armour of Ball {Int+5} (You found it on level 10 of a ziggurat)
 74350 | Zig:11   | Entered Level 11 of a ziggurat
 74358 | Zig:11   | Noticed a juggernaut
 74363 | Zig:11   | Noticed a juggernaut
 74377 | Zig:11   | Killed a juggernaut
 74379 | Zig:11   | Killed a juggernaut
 74407 | Zig:11   | Identified the Incunabulum of Nocuous Companions
 74454 | Zig:12   | Entered Level 12 of a ziggurat
 74560 | Zig:12   | Identified the Almanac of Mutagenic Battle Magic
 74564 | Zig:12   | Got a glittering copper ring
 74585 | Zig:13   | Entered Level 13 of a ziggurat
 74652 | Zig:13   | Identified the ring "Wichober" {+Fly rC+} (You found it on level 12 of a ziggurat)
 74664 | Zig:13   | Got a pair of crude boots
 74667 | Zig:13   | Identified the +2 pair of boots "Lugihof" {rPois Regen+ Str-3 Int+6} (You found it on level 13 of a ziggurat)
 74768 | Zig:14   | Entered Level 14 of a ziggurat
 74943 | Zig:14   | Lost mutation: Scrolls take you a little longer to read. [potion of cure mutation]
 74943 | Zig:14   | Lost mutation: Your movements are slightly less encumbered by armour. (ER -2) [potion of cure mutation]
 74944 | Zig:14   | Gained mutation: You are resistant to hostile enchantments. (MR+) [potion of beneficial mutation]
 74945 | Zig:14   | Gained mutation: Your mind is acute. (Int +2) [potion of beneficial mutation]
 74946 | Zig:14   | Gained mutation: You are partially covered in rugged brown scales. (AC +1, +3% HP) [potion of beneficial mutation]
 74950 | Zig:15   | Entered Level 15 of a ziggurat
 74956 | Zig:15   | Noticed a greater mummy
 74958 | Zig:15   | Noticed a greater mummy
 74968 | Zig:15   | Noticed a greater mummy
 74968 | Zig:15   | Killed a greater mummy
 74973 | Zig:15   | Killed a greater mummy
 74974 | Zig:15   | Noticed a greater mummy
 74975 | Zig:15   | Noticed a greater mummy
 74985 | Zig:15   | Killed a greater mummy
 74987 | Zig:15   | Killed a greater mummy
 74992 | Zig:15   | Killed a greater mummy
 75121 | Zig:15   | Got an ichor-stained crystal plate armour
 75124 | Zig:15   | Identified the +14 crystal plate armour of Ettewnip {*Contam rC+ Regen+} (You found it on level 15 of a ziggurat)
 75143 | Zig:15   | Got an iridescent arbalest
 75144 | Zig:15   | Identified the cursed +1 arbalest of the Head {flame, rF++ Int+2} (You found it on level 15 of a ziggurat)
 75157 | Zig:16   | Entered Level 16 of a ziggurat
 75172 | Zig:16   | Reached skill level 15 in Dodging
 75266 | Zig:17   | Entered Level 17 of a ziggurat
 75407 | Zig:17   | Got a faintly glowing plate armour
 75413 | Zig:17   | Identified the +7 plate armour "Xiolukhli" {rC+ rN+} (You found it on level 17 of a ziggurat)
 75421 | Zig:18   | Entered Level 18 of a ziggurat
 75521 | Zig:18   | Got a pitted plate armour
 75522 | Zig:18   | Identified the +10 plate armour of Jififi {rF- Int+5} (You found it on level 18 of a ziggurat)
 75564 | Zig:19   | Entered Level 19 of a ziggurat
 75818 | Zig:19   | Identified Urhifuil's Incunabulum of Dislocated Attacks
 75832 | Zig:19   | Got a smoking amethyst amulet
 75839 | Zig:20   | Entered Level 20 of a ziggurat
 75900 | Zig:20   | Reached skill level 27 in Invocations
 75945 | Zig:20   | Identified the Papyrus of the Firefly
 75951 | Zig:20   | Got a faintly glowing iron ring
 75953 | Zig:20   | Identified the ring of Jonimp {rCorr rC+} (You found it on level 20 of a ziggurat)
 75955 | Zig:20   | Identified the amulet "Yruemu" {Reflect rElec MR++ SH+2} (You found it on level 19 of a ziggurat)
 75996 | Zig:21   | Entered Level 21 of a ziggurat
 76030 | Zig:21   | HP: 7/271 [pearl dragon (12)]
 76030 | Zig:21   | The Shining One protects you from harm!
 76032 | Zig:21   | HP: 3/271 [pearl dragon (6)]
 76033 | Zig:21   | Killed from afar by a daeva

Vault maps used:
D:1:      lightli_arrival_windingriver, st_stairs_1
D:2:      grunt_temple_overflow_open, uniq_natasha
D:3:      first_bread
D:4:      makhleb_altar_promises_db, portal_sewer_entry_e
D:6:      uniq_pikel, uniq_crazy_yiuf_cottage, uniq_blork_the_orc
D:7:      cheibrodos_helix_gallery
D:8:      kennysheep_little_box, hangedman_ranch, okawaru_trees_1
D:9:      lemuel_castle_with_subvaults, slow_altar_2
D:10:     david_orc_2, serial_shops, kennysheep_mini, shop, shop, shop, shop,
          minmay_shop_grid_forest, minmay_misc_feat_alley, uniq_fannar,
          uniq_harold, uniq_psyche, uniq_nergalle
D:11:     grunt_lair_entry_orc_guard_hut
D:12:     columned_hall_lemuel
D:13:     enter_bailey_8, serial_shops, nicolae_shop_window_shopping,
          nicolae_shop_waterfront, shop, nicolae_shop_waterfront,
          minmay_misc_feat_four_crosses
D:14:     grunt_vaults_entry_tiered, elyvilon_altar_1, wad_mini_maze
D:15:     grunt_enter_depths_magical_seal, nicolae_wwwww, cheibriados_altar_1
Temple:   eino_temple_scatter_basement
Lair:2:   guppyfry_snake_entry_island
Lair:3:   shoals_dummy_entry, bh_autumn_forest_stairs, uniq_gastronok
Lair:4:   uniq_snorg, uniq_kirke
Lair:5:   dpeg_slime_entry_corner, lab_entry_generic,
          nicolae_quartered_pool_super
Lair:6:   evil_forest, minivault_26, kennysheep_basilisk_garden
Shoals:1: serial_shops, shop, nicolae_shop_waterfront, shop
Shoals:2: serial_shops, shop
Shoals:3: uniq_polyphemus
Shoals:4: shoals_end_hangedman, shoals_ilsuiw_ice, serial_shops, shop,
          lightli_airlock
Snake:1:  st_stairs_8, nicolae_snake_horde_hoard
Snake:2:  dpeg_oklob_gauntlet, nicolae_snake_round_shape_thing,
          nicolae_snake_squiggles, serial_bayou_shore_a
Snake:3:  cheibrodos_forgotten_conduit, serial_shops, shop, shop,
          nicolae_shop_stone, grunt_ministairs_1, minmay_shoptagon, uniq_aizul,
          uniq_donald
Snake:4:  snake_pit, basic_altar, lemuel_fruit_tree, grunt_megastairs_2,
          uniq_jorgrun, uniq_vashnia
Slime:4:  cheibrodos_slime_lost_civilization_4
Orc:2:    pubby_orc_utopia
Elf:1:    minmay_elf_arrival_plus, serial_shops, nicolae_shop_behind_doors,
          minmay_elf_crystal_heptagon
Elf:3:    grunt_elf_hall_branching, portal_ice_cave_entry_pillars_three,
          nicolae_for_you_no_charge
Vaults:1: nicolae_vaults_display_case, v_misc_14, ontoclasm_vaults_ring_large,
          vaults_dpeg_spiral, v_pattern_5, nicolae_vaults_hallways_thing,
          nicolae_vaults_little_squares_6, nicolae_vaults_network_barrier,
          v_misc_10, ontoclasm_vaults_chip, vaults_room_corners, uniq_asterion
Vaults:2: hangedman_vaults_stream, nicolae_vaults_little_squares_3,
          ontoclasm_vaults_ring_small, v_alt_pattern_2, v_misc_30,
          nicolae_vaults_mini_display_case, grunt_vaults_funnel, v_pattern_3,
          nicolae_vaults_statue_guard, nicolae_vaults_asterisk,
          minmay_crypt_entry_skeletal_spiral, serial_shops,
          nicolae_shop_behind_doors
Vaults:3: nicolae_vaults_stairing_the_circle, nicolae_vaults_three_branches,
          v_alt_pattern_1, vaults_room_ringed_pool, v_misc_4,
          hangedman_vaults_stagger, grunt_vaults_bifocal,
          vaults_standard_mumra_enter_the_diamond,
          nicolae_vaults_yaktaur_gun_rack, serial_shops, shop, uniq_frederick
Vaults:4: hangedman_vaults_restitches, v_misc_22, nicolae_vaults_alarming,
          v_alt_pattern_4, v_misc_33, vaults_room_pools, basic_altar,
          serial_shops, nicolae_shop_waterfront, uniq_mara
Crypt:1:  grunt_megastairs_1, grunt_crypt_arrival_split
Crypt:2:  due_chaos_kobolds, serial_sigils, serial_sigils_hangedman_shear,
          serial_sigils_hangedman_writhe, serial_sigils_hangedman_shear,
          serial_sigils_hangedman_confine, lemuel_dead_fish_pool,
          stair_cage_line
Crypt:3:  church_of_pain_bobbens, tomb_entry_forgotten_bobbens,
          minmay_guarded_unrand_skullcrusher
Depths:1: enter_ziggurat_d, hangedman_decor_riveting, grunt_hell_horde,
          hangedman_decor_diamond_cutter, grunt_decor_resistance,
          guppyfry_shop_earth, uniq_enchantress
Depths:2: minmay_tri_box, hangedman_glass_teeth, hangedman_tar_grid_catacomb,
          grunt_megastairs_3
Depths:3: minmay_triangles_in_corner, minmay_room_of_horrors, serial_shops,
          shop, pan_entry, corexii_leaking_fountain, hell_entry,
          infiniplex_staircase_pool_2, uniq_sojobo, uniq_xtahua, uniq_nikola,
          uniq_bai_suzhen
Depths:4: hangedman_cross_cluster, nicolae_trove_entry_free_sample,
          grunt_hell_entry_dis_mu, abyss_entry_small_statue_room,
          rand_demon_pan_entry_3, minmay_misc_feat_columns,
          serial_bayou_shore_b, firewood_loft, basic_stair_grate_trap,
          uniq_mennas
Depths:5: grunt_x_marks_the_spot, hellmouth_1, grunt_decor_fettered,
          rand_demon_pan_entry_8, nemelex_diamond_rough_becter, uniq_boris
Abyss:2:  hangedman_abyss_theft, lemuel_flamethrower_2
Abyss:3:  hangedman_abyss_overflow_altar
Abyss:4:  minivault_11, evilmike_abyss_rune_siren_acolytes,
          hangedman_glass_garden, hangedman_summoners_spam,
          hangedman_grunt_abyss_rune_horror_hoard
Abyss:5:  grunt_abyss_exit_deep_breaths, evilmike_abyss_rune_tso_outpost,
          bh_abyss_exit_spiral, lemuel_flamethrower_3, evilmike_abyss_exit_9
Pan:      rand_demon_2, rand_demon_3, nicolae_pan_sigil_uleosi,
          grunt_pan_spiral, pan_disco_hall, pan_blood_fountain_small,
          lemuel_hall_of_pain, grunt_pan_frozen_over, evilmike_mini_pan_doors_b,
          grunt_pan_spiral, reaverb_pan_figure_eight, reaverb_pan_chaos_star,
          rand_demon_7, pan_captured_pigsty, evilmike_mini_pan_corridor,
          nicolae_pan_mnolegish_1, evilmike_mini_pan_pillars,
          nicolae_pan_gloorx_vloqian_3, nicolae_pan_door_chamber
Zig:1:    ziggurat_pillar_centre_c
Zig:6:    ziggurat_pillar_centre_oklobs
Zig:17:   ziggurat_pillar_centre_drop
Zig:21:   ziggurat_pillar_centre_more_plants
Lab:      labyrinth_mini_lab
Trove:    trove_books_scrolls
Sewer:    sewer_frog_island_02
Bailey:   bailey_axe_minmay_hex_keep, bailey
IceCv:    ice_cave_small_demon

Skill      XL: |  1  2  3  4  5  6  7  8  9 10 11 12 13 14 15 16 17 18 19 20 21 22 23 24 25 26 27 |
---------------+----------------------------------------------------------------------------------+-----
Armour         | 4 5 6 8 9 10 11 12 13 14 16 17 18 19 27 | 27.0
Axes           | 3 4 5 6 7 9 11 13 14 15 16 17 18 19 20 21 22 23 25 26 27 | 27.0
Fighting       | 5 6 9 10 12 13 14 15 16 18 19 20 27 | 27.0
Shields        | 5 7 9 10 11 12 14 15 17 19 20 27 | 27.0
Invocations    | 1 6 7 27 | 27.0
Crossbows      | 4 7 9 |  9.0
Dodging        | 17 | 17.3

Action                   |  1- 3 |  4- 6 |  7- 9 | 10-12 | 13-15 | 16-18 | 19-21 | 22-24 | 25-27 || total
-------------------------+-------+-------+-------+-------+-------+-------+-------+-------+-------++-------
Melee: War axe           |    78 |   137 |   368 |   625 |       |       |       |       |       ||  1208
       Hand axe          |       |       |       |     6 |    54 |     4 |       |       |       ||    64
       Broad axe         |       |       |       |   283 |  1197 |  1267 |  1888 |  1121 |       ||  5756
       Executioner's axe |       |       |       |       |       |       |       |   366 |  4641 ||  5007
       Unarmed           |       |       |       |       |       |       |       |       |    14 ||    14
Throw: Javelin           |       |       |     2 |     1 |       |       |       |       |       ||     3
Invok: Heroism           |       |       |       |       |     3 |     3 |     2 |     6 |     4 ||    18
       Finesse           |       |       |       |       |     1 |     2 |     2 |     4 |     4 ||    13
       Cleansing Flame   |       |       |       |       |       |       |       |       |    25 ||    25
       Divine Shield     |       |       |       |       |       |       |       |       |    11 ||    11
       Summon Divine War |       |       |       |       |       |       |       |       |     4 ||     4
       Brand Weapon With |       |       |       |       |       |       |       |       |     1 ||     1
 Abil: Shaft Self        |       |       |       |     2 |       |       |       |       |       ||     2
       Dig               |       |       |       |       |       |     2 |       |       |     6 ||     8
Evoke: Wand              |       |       |       |    11 |       |       |       |       |    14 ||    25
       Lamp of fire      |       |       |       |       |       |       |       |       |     1 ||     1
  Use: Scroll            |       |     9 |     6 |    10 |    10 |    13 |    13 |    17 |    63 ||   141
       Potion            |       |       |       |    12 |     4 |     8 |     2 |     4 |    33 ||    63
 Stab: Invisible         |       |       |       |       |     1 |       |       |       |       ||     1
       Distracted        |       |       |       |       |       |     3 |       |     1 |       ||     4
       Petrified         |       |       |       |       |       |       |    12 |     1 |       ||    13
       Petrifying        |       |       |       |       |       |       |     1 |     2 |       ||     3
  Eat: Chunk             |       |     4 |    12 |    17 |    30 |    21 |    30 |    15 |    22 ||   151
       Beef jerky        |       |       |     1 |       |       |       |       |     2 |    10 ||    13
       Meat ration       |       |       |       |     1 |       |       |       |     1 |     2 ||     4
       Pizza             |       |       |       |     1 |       |       |       |       |       ||     1
       Fruit             |       |       |       |       |     3 |       |       |     3 |       ||     6
       Bread ration      |       |       |       |       |       |       |       |       |    12 ||    12
       Royal jelly       |       |       |       |       |       |       |       |       |     1 ||     1
Armor: Scale mail        |    58 |    60 |   152 |       |       |       |       |       |       ||   270
       Chain mail        |       |       |    54 |   234 |   257 |       |       |       |       ||   545
       Plate armour      |       |       |       |   207 |       |   248 |   329 |       |       ||   784
       Swamp dragon scal |       |       |       |       |    60 |       |       |       |       ||    60
       Gold dragon scale |       |       |       |       |       |       |   100 |   489 |  1614 ||  2203
Dodge: Dodged            |    43 |    73 |   183 |   319 |   215 |    81 |   165 |   152 |   956 ||  2187
Block: Shield            |       |       |       |       |   358 |   160 |       |       |       ||   518
       Large shield      |       |       |       |       |       |   315 |  1125 |  1233 |  5088 ||  7761
       Reflection        |       |       |       |       |       |       |       |       |   295 ||   295
